 Dungeon Crawl Stone Soup version 0.25-a0-589-g1e14c549ee (webtiles) character file.

Game seed: 5801942343881749311, levelgen mode: deterministic

68 Kohma the Digger (level 4, -1/24 HPs)
             Began as a Gargoyle Earth Elementalist on Mar 12, 2020.
             Slain by an orc priest
             ... wielding a +0 flail
              (5 damage)
             ... on level 3 of the Dungeon.
             The game lasted 00:03:11 (1472 turns).

Kohma the Digger (Gargoyle Earth Elementalist)      Turns: 1472, Time: 00:03:12

Health: -1/24      AC:  5    Str: 12    XL:     4   Next: 19%
Magic:  8/8        EV: 12    Int: 16    God:
Gold:   33         SH:  0    Dex: 10    Spells: 3/9 levels left

rFire    . . .     SeeInvis .   b - +0 short sword
rCold    . . .     Gourm    .   (no shield)
rNeg     + . .     Faith    .   c - +0 robe
rPois    ∞         Spirit   .   (no helmet)
rElec    +         Reflect  .   (no cloak)
rCorr    +         Harm     .   (no gloves)
MR       .....                  (no boots)
Stlth    ++........             (no amulet)
HPRegen  0.08/turn              k - ring of resist corrosion
MPRegen  0.11/turn              (no ring)

@: no status effects
A: negative energy resistance 1, electricity resistance, unbreathing,
petrification resistance, rot immunity, AC +3
a: no special abilities


You were on level 3 of the Dungeon.
You were not hungry.

You visited 1 branch of the dungeon, and saw 3 of its levels.

You collected 33 gold pieces.

Inventory:

Hand Weapons
 b - a +0 short sword (weapon)
Missiles
 i - 12 poisoned darts (quivered)
 m - 26 arrows
Armour
 c - a +0 robe (worn)
Jewellery
 k - a ring of resist corrosion (left hand)
Scrolls
 e - a scroll of enchant weapon {unknown}
 f - a scroll of teleportation {unknown}
 j - a scroll of amnesia {unknown}
Potions
 a - a potion of magic {unknown}
 h - a potion of heal wounds {unknown}
 l - a potion of brilliance {unknown}
Comestibles
 d - 2 rations
 g - a chunk of flesh


   Skills:
 - Level 1.5 Dodging
 - Level 2.1 Stealth
 + Level 3.1 Spellcasting
 * Level 0.2 Conjurations
 - Level 0.7 Transmutations
 * Level 4.9 Earth Magic


You had 3 spell levels left.
You knew the following spells:

 Your Spells              Type           Power        Failure   Level  Hunger
a - Sandblast             Erth           ###...       2%          1    None
b - Passwall              Tmut/Erth      ##......     9%          2    ##.....
c - Stone Arrow           Conj/Erth      ##....       19%         3    ###....

Your spell library contained the following spells:

 Spells                   Type           Power        Failure   Level  Hunger
 Petrify                  Tmut/Erth      ##......     50%         4    ####...
 Lee's Rapid Deconstruct  Erth           ###.......   56%         5    ######.


Dungeon Overview and Level Annotations

Branches:
Dungeon (3/15)

Altars:
Dithmenos
Kikubaaqudgha
Xom


Innate Abilities, Weirdness & Mutations

You are resistant to torment.
Your stone body is resilient. (AC +3)
You are immune to poison.
You resist negative energy. (rN+)
You are resistant to electric shocks. (rElec)
You can survive without breathing.
You are immune to petrification.
You are immune to rotting.


Message History

Aim: an orc priest, wielding a +0 flail and wearing a +0 ring mail (lightly wounded)
You throw a poisoned dart.
The poisoned dart barely misses the orc priest.
The orc priest barely misses you.
Throwing (i - inventory)
i - 13 poisoned darts (quivered)
Press: ? - help, Shift-Dir - straight line, f/p - orc priest
Aim: an orc priest, wielding a +0 flail and wearing a +0 ring mail (lightly wounded)
You throw a poisoned dart.
The poisoned dart barely misses the orc priest.
The orc priest hits you with a +0 flail.
* * * LOW HITPOINT WARNING * * *
You hit the orc priest.
The orc priest is lightly wounded.
You hit the orc priest.
The orc priest is moderately wounded.
The orc priest closely misses you.
You closely miss the orc priest.
The orc priest is moderately wounded.
The orc priest hits you with a +0 flail.
You die...

#.........#.##.###
#.#######.#.#.....
#.##......#.######
#.##.#....#.......
#.##.#....########
#.........#.#
####........#
########.#..#.#.#
#....@o(....(.#.#
#.######......#.#
#...o.......#.#
#...)....#..#.######
#..........#..#.#.....
.....##########'#.####
...o. ..........# ....
.#####....#### ...
#....#...


You could see an orc priest.

Vanquished Creatures
  5 adders (D:2)
  A dart slug (D:2)
  A leopard gecko (D:3)
  2 orcs (D:3)
  A giant cockroach (D:2)
  A goblin (D:2)
  A hobgoblin (D:2)
  2 kobolds
  A quokka (D:3)
  A ball python (D:2)
  3 bats (D:2)
  3 rats
22 creatures vanquished.

Notes
Turn   | Place    | Note
-------+----------+-------------------------------------------
     0 | D:1      | Kohma the Gargoyle Earth Elementalist began the quest for
                  | the Orb.
     0 | D:1      | Reached XP level 1. HP: 10/10 MP: 3/3
     7 | D:1      | You fall into a shaft and drop 1 floor!
    41 | D:2      | Found a faded altar of an unknown god.
    43 | D:2      | Reached skill level 4 in Earth Magic
    43 | D:2      | Reached XP level 2. HP: 15/15 MP: 1/5
    90 | D:2      | Found a shadowy altar of Dithmenos.
   273 | D:2      | Reached XP level 3. HP: 3/19 MP: 0/7
   554 | D:2      | Found an ancient bone altar of Kikubaaqudgha.
   817 | D:2      | Reached XP level 4. HP: 20/24 MP: 0/8
   818 | D:2      | Found a shimmering altar of Xom.
  1202 | D:3      | Learned a level 2 spell: Passwall
  1206 | D:3      | Learned a level 3 spell: Stone Arrow
  1472 | D:3      | Slain by an orc priest

Levels and vault maps discovered:
D:1:      minmay_arrival_radiant_lines, layout_loops_cross
D:2:      layout_basic, overflow_temple_1_default, xom_teletrap_fun,
          first_ration, chequers_ecumenical_altar_island, grunt_ministairs_14,
          lemuel_statue_altar
D:3:      lemuel_castle_with_subvaults [lemuel_castle_interior_original],
          layout_basic, minmay_misc_feat_room, uniq_natasha, uniq_jessica

Skill      XL: |  1  2  3 |
---------------+----------+-----
Earth Magic    | 4 |  4.9
Spellcasting   | 3 |  3.1
Dodging        | |  1.5
Stealth        | |  2.1
Conjurations   | |  0.2
Transmutations | |  0.7

Action                   |  1- 3 |  4- 6 || total
-------------------------+-------+-------++-------
Melee: Unarmed           |    14 |       ||    14
       Short sword       |       |    34 ||    34
Throw: Dart              |       |     9 ||     9
 Cast: Sandblast         |    29 |     1 ||    30
  Eat: Chunk             |       |     2 ||     2
Armor: Robe              |     9 |     8 ||    17
Dodge: Dodged            |    22 |    27 ||    49

Table legend:
 A = Non-vault XP
 B = Vault XP
 C = Vault XP percentage of total XP
 D = Non-vault monster count
 E = Vault monster count
 F = Vault count percentage of total count
                 A         B        C        D         E       F
            +---------+---------+-------+---------+---------+-------
      Total |      96 |       2 |   2.0 |      20 |       2 |   9.1
            +---------+---------+-------+---------+---------+-------
        D:2 |      81 |       2 |   2.4 |      13 |       2 |  13.3
        D:3 |      15 |       0 |   0.0 |       7 |       0 |   0.0
            +---------+---------+-------+---------+---------+-------
